 Dungeon Crawl Stone Soup version 0.25-a0-424-g80bd347ae0 (webtiles) character file.

Game seed: 18183269846746325625, levelgen mode: deterministic

8 Erk the Vexing (level 2, 0/16 HPs)
             Began as a Kobold Arcane Marksman on Jan 21, 2020.
             Slain by a goblin
             ... wielding a +0 club
              (3 damage)
             ... on level 1 of the Dungeon.
             The game lasted 00:03:38 (599 turns).

Erk the Vexing (Kobold Arcane Marksman)              Turns: 599, Time: 00:03:39

Health: 0/16       AC:  2    Str:  7    XL:     2   Next: 15%
Magic:  1/3        EV: 15    Int: 14    God:
Gold:   52         SH:  0    Dex: 15    Spells: 0/3 levels left

rFire    . . .     SeeInvis .   a - +0 hand crossbow
rCold    . . .     Gourm    .   (shield restricted)
rNeg     . . .     Faith    .   e - +0 robe
rPois    .         Spirit   .   (no helmet)
rElec    .         Reflect  .   (no cloak)
rCorr    .         Harm     .   (no gloves)
MR       .....                  (no boots)
Stlth    ++........             l - amulet of rage
HPRegen  0.05/turn              (no ring)
MPRegen  0.08/turn              (no ring)

@: no status effects
A: small, carnivore
a: Evoke Berserk Rage


You were on level 1 of the Dungeon.
You were not hungry.

You visited 1 branch of the dungeon, and saw 1 of its levels.

You collected 52 gold pieces.

Inventory:

Hand Weapons
 a - a +0 hand crossbow (weapon)
 b - a +0 dagger
 m - a +2 dagger of holy wrath
Missiles
 d - 17 bolts (quivered)
Armour
 e - a +0 robe (worn)
 g - a cursed +0 leather armour
Jewellery
 l - an amulet of rage (around neck)
Scrolls
 h - a scroll of enchant weapon {unknown}
 j - a scroll of random uselessness {unknown}
 k - a scroll of identify {unknown}
Potions
 c - a potion of curing {unknown}
 i - a potion of heal wounds {unknown}
Comestibles
 f - 2 rations


   Skills:
 * Level 1.4 Fighting
 + Level 2.5 Crossbows
 + Level 2.5 Dodging
 * Level 1.2 Stealth
 + Level 1.2 Spellcasting
 + Level 3.0 Hexes


You couldn't memorise any spells.
You knew the following spells:

 Your Spells              Type           Power        Failure   Level  Hunger
a - Corona                Hex            #......      8%          1    ##.....
b - Slow                  Hex            #.......     11%         2    ###....

Your spell library contained the following spells:

 Spells                   Type           Power        Failure   Level  Hunger
 Inner Flame              Hex/Fire       #.......     38%         3    ####...
 Portal Projectile        Hex/Tloc       #.....       38%         3    ####...
 Cause Fear               Hex            #.........   58%         4    #####..
 Leda's Liquefaction      Hex/Erth       #.........   80%         4    #####..


Dungeon Overview and Level Annotations

Branches:
Dungeon (1/15)

Altars:


Innate Abilities, Weirdness & Mutations

You are small and have problems with some larger weapons.
You are carnivorous and can eat meat at any time.


Message History

You hit the goblin but do no damage. The goblin barely misses you.
You hit the goblin.
The goblin is heavily wounded.
The goblin barely misses you.
a - a +0 hand crossbow (weapon)
Firing (i - inventory)
d - 19 bolts (quivered)
Press: ? - help, Shift-Dir - straight line, f/p - goblin
Aim: a goblin, wielding a +0 club and wearing a +0 scale mail (heavily wounded, softly glowing)
You shoot a bolt.
The bolt hits the goblin but does no damage.
The goblin is heavily wounded.
The goblin stops glowing.
The goblin hits you with a +0 club.
* * * LOW HITPOINT WARNING * * *
The goblin misses you.
Firing (i - inventory)
d - 18 bolts (quivered)
Press: ? - help, Shift-Dir - straight line, f/p - goblin
Aim: a goblin, wielding a +0 club and wearing a +0 scale mail (heavily wounded)
You shoot a bolt. The bolt closely misses the goblin.
The goblin hits you with a +0 club.
You die...

##### ## #
.###############...#
#.#..
............##@.#..#
#...#.
######.###....g.#.#
#.....# #.#
#####...###.......
#.# #..(.....w%...
#.# #####.#...#...
#.##### #.(#..#
#.....##### #...#.#
#####.....##.....##
######..#.##### #


You could see a goblin.

Vanquished Creatures
  A dart slug (D:1)
  2 kobolds (D:1)
  A bat (D:1)
  2 goblins (D:1)
  A rat (D:1)
7 creatures vanquished.

Notes
Turn   | Place    | Note
-------+----------+-------------------------------------------
     0 | D:1      | Erk the Kobold Arcane Marksman began the quest for the Orb.
     0 | D:1      | Reached XP level 1. HP: 12/12 MP: 2/2
   330 | D:1      | Reached skill level 1 in Stealth
   331 | D:1      | Reached XP level 2. HP: 8/16 MP: 0/3
   490 | D:1      | Learned a level 2 spell: Slow
   599 | D:1      | Slain by a goblin

Levels and vault maps discovered:
D:1:      dpeg_arrival_rhombi, layout_rooms, hangedman_decor_diamond_cutter

Skill      XL: |  1 |
---------------+----+-----
Stealth        | 1 |  1.2
Fighting       | |  1.4
Crossbows      | |  2.5
Dodging        | |  2.5
Spellcasting   | |  1.2
Hexes          | |  3.0

Action                   || total
-------------------------++-------
Melee: Dagger            ||    22
       Mace              ||     3
 Fire: Hand crossbow     ||     9
 Cast: Corona            ||     8
  Eat: Chunk             ||     3
Armor: Robe              ||     5
Dodge: Dodged            ||    20

Table legend:
 A = Non-vault XP
 B = Vault XP
 C = Vault XP percentage of total XP
 D = Non-vault monster count
 E = Vault monster count
 F = Vault count percentage of total count
                 A         B        C        D         E       F
            +---------+---------+-------+---------+---------+-------
      Total |      12 |       0 |   0.0 |       7 |       0 |   0.0
            +---------+---------+-------+---------+---------+-------
        D:1 |      12 |       0 |   0.0 |       7 |       0 |   0.0
            +---------+---------+-------+---------+---------+-------
